 Dungeon Crawl Stone Soup version 0.26-a0-859-gf57989e088 (webtiles) character file.

Game seed: 17697557026651983017

120 Atelerd the Stinger (level 5, 0/34 HPs)
             Began as an Octopode Venom Mage on Nov 25, 2020.
             Succumbed to an adder's poison
             ... on level 2 of the Dungeon.
             The game lasted 00:06:20 (1979 turns).

Atelerd the Stinger (Octopode Venom Mage)           Turns: 1979, Time: 00:06:21

Health: 0/34       AC:  1    Str:  7    XL:     5   Next: 4%
Magic:  1/9        EV: 14    Int: 21    God:
Gold:   97         SH:  0    Dex: 18    Spells: 6/10 levels left

rFire    + . .     SeeInvis +   d - +0 dagger
rCold    . . .     Faith    .   (no shield)
rNeg     . . .     Spirit   .   (helmet restricted)
rPois    .         Reflect  .   (no amulet)
rElec    .         Harm     .   b - +6 ring of dexterity
rCorr    .         Rampage  .   h - ring of see invisible
MR       .....                  (no ring)
Stlth    ++++......             (no ring)
HPRegen  0.11/turn              (no ring)
MPRegen  0.11/turn              (no ring)
                                (no ring)
                                (no ring)

@: lethally poisoned (0 -> -9), berserk cooldown, hasted and slowed
A: almost no armour, stealthy swim, amphibious, 8 rings, constrict 8, camouflage
1, clever 1, fire resistance 1, robust 1, gelatinous body 1
a: no special abilities


You were on level 2 of the Dungeon.
You visited 1 branch of the dungeon, and saw 2 of its levels.

You collected 97 gold pieces.

Inventory:

Hand Weapons
 d - a +0 dagger (weapon)
Jewellery
 b - a +6 ring of dexterity (left tentacle)
 h - a ring of see invisible (right tentacle)
Scrolls
 a - a scroll of amnesia {unknown}
 c - 3 scrolls of identify {unknown}
 e - a scroll of fear {unknown}
 f - a scroll of remove curse {unknown}
 k - a scroll of teleportation {unknown}
 m - a scroll of enchant weapon {unknown}
Potions
 i - a potion of mutation
 l - a potion of cancellation {unknown}


   Skills:
 - Level 2.0 Dodging
 + Level 3.6 Stealth
 + Level 3.2 Spellcasting
 + Level 1.4 Conjurations
 - Level 1.0 Transmutations
 + Level 4.9 Poison Magic


You had 6 spell levels left.
You knew the following spells:

 Your Spells              Type           Power        Failure   Level
a - Sting                 Tmut/Pois      ###.         3%          1
b - Mephitic Cloud        Conj/Pois/Air  ##......     16%         3

Your spell library contained the following spells:

 Spells                   Type           Power        Failure   Level
 Poisonous Vapours        Pois/Air       ##....       7%          2
 Ignite Poison            Fire/Tmut/Pois ##......     17%         3
 Olgreb's Toxic Radiance  Pois           ###.....     17%         4


Dungeon Overview and Level Annotations

Branches:
Dungeon (2/15)

Altars:
Cheibriados


Innate Abilities, Weirdness & Mutations

You cannot wear most types of armour.
You are very stealthy in the water. (Stealth+)
You are amphibious.
You can wear up to eight rings at the same time.
You can use your tentacles to constrict eight enemies at once.
Your skin changes colour to match your surroundings (Stealth+).
Your rubbery body absorbs attacks. (AC +1, EV +1)
Your mind is acute. (Int +2)
Your flesh is heat resistant. (rF+)
You are robust. (+10% HP)


Message History

A red film seems to cover your vision as you go berserk!
You feel yourself moving faster!
You feel mighty!
You constrict the adder.
You kill the adder!
* * * LOW HITPOINT WARNING * * *
You feel sick.
You have reached level 5!
You feel clever.
You feel a strong urge to attack something.
* * * LOW HITPOINT WARNING * * *
You feel sick.
Unknown command.
Unknown command.
You feel your anger nearly subside.
You are no longer berserk.
You are exhausted.
You feel yourself slow down.
* * * LOW HITPOINT WARNING * * *
You feel sick.
Unknown command.
It was a potion of haste.
You feel yourself speed up.
You die...

#....>..#...##....##
#..†.##.##.###...###### #
.....##)#.............#.##.#
..........#.....#...)÷.....#
.....##..###...###....#.##.#
..†..##...#..#..#...###.#
........#...##....### #
###.##########......# #.#
#.†@##.# #.# #...# ...
#.###### ###.# ♣♣ #......#
#.# ###.####.# #.....^#
...≈≈≈.#.# #.#......
##≈≈≈≈≈.... #.#..##S.
#_≈≈.≈≈..## .#...# #..
##≈≈≈≈≈..# .# #..# .


There were no monsters in sight!

Vanquished Creatures
  6 adders (D:2)
  An ooze (D:2)
  3 dart slugs
  A worm (D:2)
  3 leopard geckos
  2 giant cockroaches
  8 goblins
  3 hobgoblins (D:1)
  6 jackals (D:1)
  A quokka (D:2)
  4 bats
  A frilled lizard (D:2)
  4 kobolds
  7 rats
50 creatures vanquished.

Notes
Turn   | Place    | Note
-------+----------+-------------------------------------------
     0 | D:1      | Atelerd the Octopode Venom Mage began the quest for the
                  | Orb.
     0 | D:1      | Reached XP level 1. HP: 11/11 MP: 3/3
   218 | D:1      | Reached skill level 4 in Poison Magic
   218 | D:1      | Reached XP level 2. HP: 17/17 MP: 3/5
   845 | D:1      | Reached XP level 3. HP: 17/21 MP: 0/6
   859 | D:1      | Learned a level 3 spell: Mephitic Cloud
  1675 | D:2      | Reached XP level 4. HP: 27/27 MP: 8/8
  1771 | D:2      | Found a snail-covered altar of Cheibriados.
  1782 | D:2      | Reached skill level 1 in Conjurations
  1974 | D:2      | Gained mutation: Your mind is acute. (Int +2) [potion of
                  | mutation]
  1974 | D:2      | Gained mutation: Your flesh is heat resistant. (rF+)
                  | [potion of mutation]
  1974 | D:2      | Gained mutation: You are robust. (+10% HP) [potion of
                  | mutation]
  1976 | D:2      | Reached XP level 5. HP: 3/34 MP: 0/9
  1978 | D:2      | HP: 1/34 [poisoned by an adder]
  1979 | D:2      | Succumbed to an adder's poison

Illustrated notes

Levels and vault maps discovered:
D:1:      wander_arrival_abandoned_jail, layout_loops_ring
D:2:      layout_loops_cross, kennysheep_slug_shrine, serial_glass,
          glass_columns_b, glass_columns_a, feat_on_display,
          minmay_strange_pillars, minmay_tree_intersection,
          minmay_stone_trees_small, minmay_tetromino_i4

Skill      XL: |  1  2  3  4 |
---------------+-------------+-----
Poison Magic   | 4 |  4.9
Stealth        | 3 |  3.6
Spellcasting   | 3 |  3.2
Conjurations   | 1 |  1.4
Dodging        | |  2.0
Transmutations | |  1.0

Action                   |  1- 3 |  4- 6 || total
-------------------------+-------+-------++-------
Melee: Unarmed           |     5 |       ||     5
       Tentacles         |     7 |       ||     7
       Dagger            |    31 |     9 ||    40
       Constrict         |    12 |     4 ||    16
 Cast: Sting             |    41 |    21 ||    62
  Use: Potion            |       |     3 ||     3
 Stab: Sleeping          |     8 |     4 ||    12
       Distracted        |     1 |       ||     1
Armor: Skin              |     2 |     2 ||     4
Dodge: Dodged            |    37 |    21 ||    58

Table legend: (Time is in decaauts)
 A = Elapsed time spent in this place.
 B = Non-inter-level travel time spent in this place.
 C = Inter-level travel time spent in this place.
 D = Time resting spent in this place.
 E = Time spent auto-exploring this place.
 F = Levels seen in this place.
 G = Mean time per level.
                   A        B        C        D        E       F      G
               +--------+--------+--------+--------+--------+-----+--------+
         Total |   1978 |   1963 |     15 |    604 |   1048 |   2 |  989.0 |
       Dungeon |   1978 |   1963 |     15 |    604 |   1048 |   2 |  989.0 |
               +--------+--------+--------+--------+--------+-----+--------+

Top non-repeatable levels by time:
     D:1: 1323 daAuts
     D:2: 654 daAuts
